 Dungeon Crawl Stone Soup version 0.27-a0-1378-gdefffd1ff6 (webtiles) character file.

Game seed: 12706724784066402965

787 Tocho the Chopper (level 7, -2/60 HPs)
             Began as a Hill Orc Monk on June 29, 2021.
             Was a Believer of Beogh.
             Slain by a killer bee (8 damage)
             ... on level 7 of the Dungeon.
             The game lasted 00:08:51 (5850 turns).

Tocho the Chopper (Hill Orc Monk)                   Turns: 5850, Time: 00:08:51

Health: -2/60      AC:  9    Str: 16    XL:     7   Next: 87%
Magic:  7/7        EV:  5    Int: 10    God:    Beogh [**....]
Gold:   316        SH: 11    Dex: 13    Spells: 6/6 levels left

rFire    . . .     SeeInvis .   a - +0 hand axe
rCold    . . .     Faith    .   x - +0 tower shield
rNeg     . . .     Spirit   .   w - +2 scale mail of the Special Artists {rPois Slay+4}
rPois    +         Reflect  .   (no helmet)
rElec    .         Harm     .   (no cloak)
rCorr    .         Rampage  .   (no gloves)
Will     .....                  (no boots)
Stlth    +.........             s - amulet of the acrobat
HPRegen  0.20/turn              (no ring)
MPRegen  0.10/turn              (no ring)

@: lethally poisoned (-2 -> -2), about to teleport, marked
A: no striking features
a: Renounce Religion, Smiting


You were on level 7 of the Dungeon.
You worshipped Beogh.
Beogh was pleased with you.
You visited 1 branch of the dungeon, and saw 7 of its levels.

You collected 316 gold pieces.

Inventory:

Hand Weapons
 a - a +0 hand axe (weapon)
Missiles
 h - 66 poisoned darts (quivered)
 j - 3 atropa-tipped darts
Armour
 b - a +0 robe
 c - a +0 leather armour
 e - a +0 ring mail
 q - the +5 ring mail of Xom's Approval {rF+ Dex+5}
   (You found it on level 5 of the Dungeon)

   Dex:       It affects your dexterity (+5).
   rF:        It protects you from fire.
 w - the +2 scale mail of the Special Artists (worn) {rPois Slay+4}
   (You found it on level 4 of the Dungeon)

   Slay:      It affects your accuracy & damage with ranged weapons and melee
   (+4).
   rPois:     It protects you from poison.
 x - a +0 tower shield (worn)
Jewellery
 m - a ring of positive energy
 s - an amulet of the acrobat (around neck)
 t - a ring of ice
 y - a +6 ring of strength
Wands
 r - a wand of flame (2)
Scrolls
 p - a scroll of vulnerability {unknown}
 v - a scroll of identify
Potions
 d - a potion of invisibility {unknown}
 f - 3 potions of cancellation
 g - a potion of haste
 i - 2 potions of brilliance {unknown}
 k - a potion of ambrosia {unknown}
 l - a potion of mutation {unknown}
 o - a potion of lignification {unknown}
 u - a potion of attraction {unknown}


   Skills:
 + Level 4.8 Fighting
 + Level 7.2 Axes
 + Level 2.2 Throwing
 + Level 4.7 Armour
 + Level 3.5 Dodging
 + Level 2.0 Stealth
 + Level 1.6 Evocations


You had 6 spell levels left.
You didn't know any spells.
Your spell library was empty.

Dungeon Overview and Level Annotations

Branches:
Dungeon (8/15)
 Temple: D:4-7         Lair: D:8-11

Altars:
Dithmenos
Ru
Vehumet
Xom
Yredelemnul

Shops:
D:2 ?   D:4 (

Annotations:
D:8 3 runed translucent doors, Harold, Joseph


Message History

There is a stone staircase leading up here.
The killer bee stings you. The killer bee barely misses you.
The killer bee stings you.
You climb upwards.
The killer bee buzzes angrily. x3; You hear an angry buzzing noise. x2
You hear a shout! x4
Found 18 sling bullets, a scroll of noise and a ruby potion.
There is a stone staircase leading down here.
As you read the scroll of teleportation, it crumbles to dust.
You feel strangely unstable. You block the killer bee's attack.
A killer bee comes into view.
The killer bee stings you. The killer bee barely misses you. x2
The killer bee stings you.
You are poisoned.
The killer bee poisons you! You block the killer bee's attack.
You feel sick.
A killer bee comes into view.
The killer bee completely misses you. The killer bee barely misses you.
You block the killer bee's attack.
You feel sick. The killer bee misses you.
The killer bee stings you but does no damage.
Found a long sword.
Your surroundings seem slightly different.
You feel sick. You block the killer bee's attack. x2
The killer bee completely misses you.
The killer bee stings you but does no damage.
As you read the scroll of teleportation, it crumbles to dust.
You feel strangely unstable.
You feel sick.
The killer bee stings you but does no damage.
The killer bee stings you.
* * * LOW HITPOINT WARNING * * *
The killer bee stings you.
* * * LOW HITPOINT WARNING * * *
The killer bee stings you.
* * * LOW HITPOINT WARNING * * *
The killer bee stings you but does no damage.
You block the killer bee's attack. x2
You miss the killer bee. x2; You barely miss the killer bee. x2; You feel sick.
You block the killer bee's attack. The killer bee stings you!
You die...

# #.# ##. #..##..
#..#.# #.#....)#
?.#...#.#.#......#
.......#.#.......#
...yy..y.........#
#y.........#
#yy........#
#@yy(......#
#y.........#
#..........#
#....!.....#
############


You could see 7 killer bees.

Vanquished Creatures
  A sky beast (D:5)
  A black bear (D:5)
  2 ogres
  A killer bee (D:8)
  A howler monkey (D:5)
  A bullfrog zombie (D:5)
  A hound (D:4)
  A bullfrog skeleton (D:5)
  Jessica (D:2)
  An orc wizard (D:4)
  A killer bee zombie (D:5)
  A hound skeleton (D:5)
  Robin (D:4)
  4 adders
  3 gnolls (D:5)
  A white imp (D:5)
  An adder skeleton (D:4)
  7 orcs
  9 ball pythons
  6 endoplasms
  A giant cockroach (D:2)
  12 goblins
  9 hobgoblins
  7 jackals
  3 quokkas
  6 bats
  3 frilled lizards
  5 kobolds
  7 rats
98 creatures vanquished.

Vanquished Creatures (others)
  2 orc priests (D:5)
  An orc wizard (D:5)
  An orc (D:5)
4 creatures vanquished.

Grand Total: 102 creatures vanquished

Notes
Turn   | Place    | Note
-------+----------+-------------------------------------------
     0 | D:1      | Tocho the Hill Orc Monk began the quest for the Orb.
     0 | D:1      | Reached XP level 1. HP: 19/19 MP: 1/1
   416 | D:1      | Reached XP level 2. HP: 25/27 MP: 2/2
  1214 | D:2      | Reached XP level 3. HP: 32/33 MP: 3/3
  1347 | D:2      | Found Extymag's Magic Scroll Shop.
  1347 | D:2      | Noticed Jessica
  1352 | D:2      | Killed Jessica
  1353 | D:2      | Reached skill level 1 in Armour
  1353 | D:2      | Reached XP level 4. HP: 36/40 MP: 4/4
  1370 | D:2      | Reached skill level 5 in Axes
  1532 | D:2      | Found a faded altar of an unknown god.
  1822 | D:2      | Found a shadowy altar of Dithmenos.
  2637 | D:3      | Found a sacrificial altar of Ru.
  2637 | D:3      | Found a faded altar of an unknown god.
  2645 | D:3      | Found a basalt altar of Yredelemnul.
  2648 | D:3      | Found a radiant altar of Vehumet.
  2650 | D:3      | Found a faded altar of an unknown god.
  3019 | D:4      | Reached XP level 5. HP: 45/47 MP: 5/5
  3051 | D:4      | Noticed an ogre
  3096 | D:4      | Killed an ogre
  3097 | D:4      | Reached skill level 1 in Throwing
  3097 | D:4      | Reached skill level 1 in Evocations
  3106 | D:4      | Reached XP level 6. HP: 26/53 MP: 6/6
  3526 | D:4      | Noticed Robin
  3537 | D:4      | Killed Robin
  3776 | D:4      | Reached skill level 6 in Axes
  3959 | D:4      | Found Tukk's Antique Weapon Shop.
  4129 | D:4      | Identified the +2 scale mail of the Special Artists {rPois
                  | Slay+4}
  4244 | D:5      | Entered Level 5 of the Dungeon
  4257 | D:5      | Noticed a sky beast
  4274 | D:5      | Killed a sky beast
  4568 | D:5      | Reached XP level 7. HP: 51/60 MP: 7/7
  4838 | D:5      | Became a worshipper of Beogh the Brigand
  4838 | D:5      | Reached * piety under Beogh
  4838 | D:5      | Reached ** piety under Beogh
  4871 | D:5      | Identified the +5 ring mail of Xom's Approval {rF+ Dex+5}
  5136 | D:5      | Noticed a two-headed ogre
  5224 | D:5      | HP: 3/60 [two-headed ogre (4)]
  5227 | D:5      | Found a shimmering altar of Xom.
  5547 | D:5      | Reached skill level 7 in Axes
  5721 | D:5      | You fall into a shaft and drop 3 floors!
  5728 | D:8      | Found a runed translucent gate.
  5729 | D:8      | Found a runed translucent gate.
  5776 | D:8      | Noticed Harold
  5782 | D:8      | Noticed Joseph
  5810 | D:8      | Found a runed translucent gate.
  5850 | D:7      | Slain by a killer bee

Illustrated notes

Levels and vault maps discovered:
D:1:      lemuel_arrival_hallway, layout_basic, hex_medium, chequers_avenue
D:2:      layout_basic, ebering_ecumenical_altar_rust, serial_shops,
          nicolae_square_shop, basic_altar, uniq_jessica
D:3:      layout_loops_ring, chequers_temple_overflow_minitemple,
          minmay_misc_feat_doors, minivault_11
D:4:      layout_loops_ring, serial_shops, nicolae_take_the_stairs, uniq_robin
D:5:      layout_basic, xom_butterflies, lemuel_coloured_pillars_altar
D:7:      layout_rooms, minmay_temple_entry_grid
D:8:      layout_rooms, grunt_temple_overflow_growth_and_decay,
          gammafunk_ghost_icy, grunt_tough_drop, uniq_harold, uniq_psyche,
          uniq_joseph

Skill      XL: |  1  2  3  4  5  6  7 |
---------------+----------------------+-----
Fighting       | 4 |  4.8
Armour         | 1 2 3 4 |  4.7
Axes           | 5 6 7 |  7.2
Throwing       | 1 2 |  2.2
Dodging        | 3 |  3.5
Evocations     | 1 |  1.6
Stealth        | 2 |  2.0

Action                   |  1- 3 |  4- 6 |  7- 9 || total
-------------------------+-------+-------+-------++-------
Melee: Hand axe          |    83 |   183 |    61 ||   327
Throw: Dart              |    13 |    25 |     7 ||    45
Invok: Convert to Beogh  |       |       |     1 ||     1
Evoke: Wand              |       |    21 |       ||    21
  Use: Scroll            |     1 |     6 |     3 ||    10
       Potion            |       |     1 |       ||     1
 Stab: Sleeping          |     2 |     1 |       ||     3
Armor: Leather armour    |    18 |    20 |       ||    38
       Ring mail         |       |    10 |       ||    10
       Scale mail        |       |    11 |    33 ||    44
Dodge: Dodged            |    50 |   111 |    71 ||   232
Block: Tower shield      |       |       |    40 ||    40

Table legend: (Time is in decaauts)
 A = Elapsed time spent in this place.
 B = Non-inter-level travel time spent in this place.
 C = Inter-level travel time spent in this place.
 D = Time resting spent in this place.
 E = Time spent auto-exploring this place.
 F = Levels seen in this place.
 G = Mean time per level.
                   A        B        C        D        E       F      G
               +--------+--------+--------+--------+--------+-----+--------+
         Total |   5857 |   5731 |    126 |    279 |   4483 |   7 |  836.7 |
       Dungeon |   5857 |   5731 |    126 |    279 |   4483 |   7 |  836.7 |
               +--------+--------+--------+--------+--------+-----+--------+

Top non-repeatable levels by time:
     D:5: 1472 daAuts
     D:4: 1269 daAuts
     D:1: 1199 daAuts
     D:2: 909 daAuts
     D:3: 877 daAuts
     D:8: 124 daAuts
     D:7: 5 daAuts
